 Dungeon Sprint DCSS version 0.22-a0-458-gb446440 (webtiles) character file.

18305 Mgcat the Slayer (level 12, -14/208 HPs)
             Began as a Minotaur Berserker on June 8, 2018.
             Was the Champion of Trog.
             Demolished by Donald
             ... wielding a +1 eveningstar of freezing
              (21 damage)
             ... in the Dungeon (Sprint IX: "|||||||||||||||||||||||||||||").
             The game lasted 00:10:56 (2969 turns).

Mgcat the Slayer (Minotaur Berserker)               Turns: 2969, Time: 00:10:57

Health: -14/208    AC: 20    Str: 32    XL:     12   Next: 26%
Magic:  11/11      EV: 10    Int:  4    God:    Trog [******]
Gold:   1860       SH:  0    Dex: 10    Spells: 11/11 levels left

rFire    . . .     SeeInvis .   j - +0 battleaxe (chop)
rCold    . . .     Gourm    .   (shield currently unavailable)
rNeg     . . .     Faith    .   q - +1 chain mail
rPois    .         Spirit   .   (helmet restricted)
rElec    .         Reflect  .   (no cloak)
rCorr    .         Harm     .   o - +0 pair of gloves
MR       .....     NoTele   +   (no boots)
Stlth    ..........             (no amulet)
HPRegen  0.44/turn              r - +2 ring of protection
MPRegen  0.12/turn              p - +2 ring of protection

@: berserking (expiring), very quick
A: retaliatory headbutt, horns 2
a: Berserk, Trog's Hand, Brothers in Arms, Renounce Religion


You were in the Dungeon.
You worshipped Trog.
Trog was exalted by your worship.
You were very hungry.

You visited 1 branch You collected 1860 gold pieces.

Inventory:

Hand Weapons
 a - a +0 hand axe
 j - a +0 battleaxe of chopping (weapon)
   (Trog gifted it to you in the Dungeon)
 s - a +1 broad axe of draining
   (You found it in the Dungeon)
 z - a +3 antimagic executioner's axe
   (Trog gifted it to you in the Dungeon)
Armour
 b - a +0 animal skin
 o - a +0 pair of gloves (worn)
   (You found it in the Dungeon)
 q - a +1 chain mail (worn)
   (You found it in the Dungeon)
 C - a +1 large shield
   (You found it in the Dungeon)
Jewellery
 p - a +2 ring of protection (right hand)
   (You found it in the Dungeon)
 r - a +2 ring of protection (left hand)
   (You found it in the Dungeon)
 B - an uncursed ring of poison resistance {rPois, !d}
   (You found it in the Dungeon)
Wands
 n - a wand of acid (10)
   (You found it in the Dungeon)
Scrolls
 i - 3 scrolls of blinking {!r}
 l - 3 scrolls of remove curse
 m - 2 scrolls of amnesia
 w - 6 scrolls of enchant armour
 x - 2 scrolls of fog
 y - 2 scrolls of identify
 D - a scroll of fear
Potions
 d - 6 potions of curing
 e - 6 potions of heal wounds
 f - a potion of haste
 g - 4 potions of magic
 h - 2 potions of berserk rage {!q}
 k - a potion of invisibility
 t - 2 potions of might
 u - 2 potions of brilliance
 A - a potion of resistance
Miscellaneous
 v - a fan of gales
   (You found it in the Dungeon)
Comestibles
 c - 9 rations


   Skills:
 * Level 22.8 Fighting
 + Level 20.6 Axes
 + Level 16.8 Armour
 - Level 2.1 Dodging
 - Level 1.6 Stealth


You had 11 spell levels left.
You didn't know any spells.
Your spell library was empty.

Dungeon Overview and Level Annotations

Branches:
Dungeon (1/1)

Altars:
Cheibriados
Dithmenos
Elyvilon
Fedhas
Gozag
Hepliaklqana
Kikubaaqudgha
Makhleb
Nemelex Xobeh
Okawaru
Qazlal
Ru
Sif Muna
Trog
Uskayaw
Vehumet
Wu Jian
Xom
Yredelemnul
Zin
The Shining One
Beogh
Jiyva
Lugonu

Shops:
D %(*}

Annotations:
D Donald


Innate Abilities, Weirdness & Mutations

You reflexively headbutt those who attack you in melee.
You have a pair of horns on your head.


Message History

You bump into the unnaturally hard rock wall.
Rupert yells loudly at you.
You struggle to resist.
You're too confused!
You're too confused!
Donald says, "So, what is this Orb thing, anyway?"
You bump into the unnaturally hard rock wall.
Rupert roars wildly at you.
You struggle to resist.
You're too confused to move!
You closely miss Rupert. You headbutt Rupert, but do no damage.
Rupert hits you with a great mace of crushing.
You bump into the unnaturally hard rock wall.
Rupert hits you with a great mace of crushing!
Donald says, "What lunatic would build a room out of doors?"
You bump into the unnaturally hard rock wall.
Donald says, "I bet Trog's next axe will take you to the Abyss."
Rupert hits you but does no damage.
You bump into the unnaturally hard rock wall.
You bump into the unnaturally hard rock wall.
You feel less confused. Rupert closely misses you.
You slash Rupert!
Rupert is lightly wounded.
Rupert yells loudly at you.
You suddenly lose the ability to move!
Rupert hits you but does no damage.
You can move again.
A red film seems to cover your vision as you go berserk!
You feel yourself moving faster!
You feel mighty!
You are feeling very hungry.
Rupert looks excited.
Rupert hits you with a great mace of crushing!
You barely miss Rupert.
Rupert is lightly wounded.
You slash Rupert! You headbutt Rupert!
Rupert is moderately wounded.
Rupert roars madly and goes into a rage!
Rupert goes berserk!
You slice Rupert!!
Rupert is heavily wounded.
Rupert hits you with a great mace of crushing!!
You closely miss Rupert. Your headbutt misses Rupert.
Rupert is heavily wounded.
You barely miss Rupert.
Rupert is heavily wounded.
Rupert hits you with a great mace of crushing!!
You slice Rupert like a ripe choko!!! Your headbutt misses Rupert.
Rupert is almost dead.
You slice Rupert!!
You kill Rupert!
Trog accepts your kill.
Unknown command.
Clearing level map.
Donald is no longer moving quickly.
Donald barely misses you.
Things that are here:
a great mace of crushing; a glowing scale mail; the human corpse of Rupert Donald blocks your attack.
You headbutt Donald, but do no damage.
Donald hits you with an eveningstar of freezing!!!
Donald freezes you. Donald blocks your attack. Donald blocks your attack.
You carve Donald like a ham!!! Your headbutt misses Donald.
Donald is heavily wounded.
Donald mumbles some strange words.
Donald seems to speed up.
Donald blocks your attack. x2
Donald is heavily wounded.
You hit Donald but do no damage. Your headbutt misses Donald.
Donald is heavily wounded.
Donald hits you with an eveningstar of freezing!
* * * LOW HITPOINT WARNING * * *
Donald freezes you.
* * * LOW HITPOINT WARNING * * *
Donald blocks your attack.
Donald is heavily wounded.
Donald hits you with an eveningstar of freezing!
* * * LOW HITPOINT WARNING * * *
Donald freezes you.
* * * LOW HITPOINT WARNING * * *
Donald blocks your attack.
You headbutt Donald, but do no damage.
Donald is heavily wounded.
You slash Donald! You headbutt Donald.
Donald is heavily wounded.
Donald hits you with an eveningstar of freezing!!
* * * LOW HITPOINT WARNING * * *
Donald freezes you!
* * * LOW HITPOINT WARNING * * *
Donald blocks your attack.
Donald is heavily wounded.
Donald hits you with an eveningstar of freezing.
* * * LOW HITPOINT WARNING * * *
Donald freezes you.
* * * LOW HITPOINT WARNING * * *
Your chain mail prevents you from hitting Donald.
Donald is heavily wounded.
You slice Donald!! Your headbutt misses Donald.
Donald is almost dead.
Donald hits you with an eveningstar of freezing!!
You die...

▓.▓.▓.▓∩▓.▓.▓.▓.▓
▓.▓.▓.▓.▓.▓.▓.▓'▓
▓.▓.▓.▓∩▓.▓.▓.▓.▓
▓.▓.▓.▓.▓.▓.▓.▓.▓
▓.▓.▓.▓∩▓.▓.▓.▓.▓
▓.▓.▓.▓.▓.▓.▓.▓.▓
▓.▓.▓.▓∩▓.▓.▓.▓.▓
▓.▓.▓.▓.▓.▓.▓.▓.▓
▓@▓.▓.▓.▓.▓.▓.▓.▓
▓@▓.▓.▓.▓.▓.▓.▓.▓
▓.▓'▓.▓.▓.▓.▓.▓.▓
▓.▓.▓.▓.▓.▓'▓.▓'▓
▓.▓.▓.▓'▓.▓.▓.▓_▓
▓.▓.▓.▓.▓.▓.▓.▓_▓
▓.▓.▓.▓.▓.▓.▓.▓_▓
▓.▓.▓.▓.▓.▓.▓.▓_▓
▓.▓.▓.▓.▓.▓.▓.▓_▓


You could see Donald.

Vanquished Creatures
  Rupert (D)
  A stone giant (D)
  A rakshasa (D)
  An ice dragon (D)
  An ogre mage (D)
  6 orc high priests (D)
  A manticore (D)
  An orc sorcerer (D)
  A cyclops (D)
  Joseph (D)
  A spiny frog (D)
  A rime drake (D)
  A komodo dragon (D)
  3 tyrant leeches (D)
  A troll (D)
  A hippogriff (shapeshifter) (D)
  3 blink frogs (D)
  A basilisk (D)
  A hog (shapeshifter) (D)
  A vampire mosquito (D)
  4 water moccasins (D)
  2 orc warriors (D)
  A porcupine (D)
  A necrophage (D)
  A centaur (D)
  A wolf (D)
  A crocodile (D)
  2 bullfrogs (D)
  2 wights (D)
  10 orc priests (D)
  2 hounds (D)
  A worker ant (D)
  2 orc wizards (D)
  A shadow imp (D)
  A dart slug (D)
  An orc (D)
  2 bats (D)
  2 bat zombies (D)
  A goblin (D)
  A jackal (D)
  2 kobolds (D)
70 creatures vanquished.

Vanquished Creatures (collateral kills)
  A stone giant (D)
  An ettin (D)
  A hydra (D)
  A two-headed ogre (D)
  A deep troll earth mage (D)
  An orc high priest (D)
  An orc knight (D)
  An orc sorcerer (D)
  A komodo dragon (D)
  2 hippogriffs (D)
  2 blink frogs (D)
  A vampire (D)
  A tarantella (shapeshifter) (D)
  A water moccasin (D)
  5 orc warriors (D)
  A sky beast (D)
  A crocodile (D)
  A bullfrog (D)
  A scorpion (D)
  2 orc priests (D)
  3 orc wizards (D)
  2 orcs (D)
  A bat skeleton (D)
33 creatures vanquished.

Grand Total: 103 creatures vanquished

Notes
Turn   | Place    | Note
-------+----------+-------------------------------------------
     0 | D        | Mgcat the Minotaur Berserker began the quest for the Orb.
     0 | D        | Reached XP level 1. HP: 19/19 MP: 0/0
     5 | D        | Reached skill level 4 in Fighting
     7 | D        | Reached skill level 4 in Axes
     8 | D        | Reached ** piety under Trog
    18 | D        | Noticed a hound
    21 | D        | Reached skill level 5 in Fighting
    21 | D        | Reached XP level 2. HP: 28/29 MP: 1/1
    23 | D        | Reached *** piety under Trog
    23 | D        | Reached skill level 7 in Fighting
    23 | D        | Reached skill level 5 in Axes
    23 | D        | Reached skill level 3 in Armour
    23 | D        | Reached XP level 3. HP: 39/39 MP: 2/2
    26 | D        | Reached skill level 6 in Axes
    54 | D        | Found a roughly hewn altar of Beogh.
    54 | D        | Found a snail-covered altar of Cheibriados.
    54 | D        | Found a shadowy altar of Dithmenos.
    54 | D        | Found a white marble altar of Elyvilon.
    54 | D        | Found a blossoming altar of Fedhas.
    54 | D        | Found an opulent altar of Gozag.
    55 | D        | Found a hazy altar of Hepliaklqana.
    56 | D        | Found a viscous altar of Jiyva.
    57 | D        | Found an ancient bone altar of Kikubaaqudgha.
    58 | D        | Found a corrupted altar of Lugonu.
    59 | D        | Found a burning altar of Makhleb.
    60 | D        | Found a sparkling altar of Nemelex Xobeh.
    61 | D        | Found an iron altar of Okawaru.
    62 | D        | Found a stormy altar of Qazlal.
    63 | D        | Found a sacrificial altar of Ru.
    64 | D        | Found a deep blue altar of Sif Muna.
    65 | D        | Found a bloodstained altar of Trog.
    66 | D        | Found a hide-covered altar of Uskayaw.
    67 | D        | Found a radiant altar of Vehumet.
    68 | D        | Found an ornate altar of the Wu Jian Council.
    69 | D        | Found a shimmering altar of Xom.
    70 | D        | Found a basalt altar of Yredelemnul.
    71 | D        | Found a glowing silver altar of Zin.
    72 | D        | Found a glowing golden altar of the Shining One.
   136 | D        | Noticed a troll
   136 | D        | Noticed a centaur
   136 | D        | Noticed a necrophage
   136 | D        | Noticed a bullfrog
   139 | D        | Killed a bullfrog
   139 | D        | Reached **** piety under Trog
   139 | D        | Reached skill level 9 in Fighting
   139 | D        | Reached skill level 7 in Axes
   139 | D        | Reached skill level 4 in Armour
   139 | D        | Reached XP level 4. HP: 50/50 MP: 3/3
   141 | D        | Reached XP level 5. HP: 58/58 MP: 4/4
   144 | D        | Killed a necrophage
   144 | D        | Reached skill level 11 in Fighting
   144 | D        | Reached skill level 9 in Axes
   145 | D        | Reached skill level 5 in Armour
   158 | D        | Killed a centaur
   158 | D        | Reached skill level 12 in Fighting
   158 | D        | Reached XP level 6. HP: 38/70 MP: 5/5
   168 | D        | HP: 16/70 [troll (5)]
   169 | D        | Killed a troll
   169 | D        | Reached ***** piety under Trog
   169 | D        | Reached skill level 13 in Fighting
   169 | D        | Reached skill level 11 in Axes
   169 | D        | Reached skill level 6 in Armour
   169 | D        | Reached XP level 7. HP: 18/79 MP: 6/6
   330 | D        | Noticed a two-headed ogre
   330 | D        | Noticed a vampire
   330 | D        | Noticed a hippogriff
   339 | D        | Killed a hippogriff
   343 | D        | Killed a vampire
   343 | D        | Reached skill level 14 in Fighting
   345 | D        | Reached skill level 7 in Armour
   348 | D        | Killed a two-headed ogre
   348 | D        | Reached skill level 15 in Fighting
   348 | D        | Reached skill level 12 in Axes
   348 | D        | Reached XP level 8. HP: 68/91 MP: 7/7
   505 | D        | Noticed a spiny frog
   505 | D        | Noticed a komodo dragon
   509 | D        | Reached skill level 8 in Armour
   515 | D        | Killed a komodo dragon
   515 | D        | Reached skill level 13 in Axes
   517 | D        | Reached skill level 16 in Fighting
   519 | D        | Reached skill level 9 in Armour
   524 | D        | Killed a spiny frog
   525 | D        | Reached skill level 14 in Axes
   525 | D        | Reached XP level 9. HP: 64/101 MP: 8/8
   759 | D        | Noticed a seven-headed hydra
   767 | D        | Killed a seven-headed hydra
   767 | D        | Reached skill level 17 in Fighting
   767 | D        | Reached skill level 10 in Armour
   782 | D        | Noticed a rime drake
   782 | D        | Noticed a komodo dragon
   788 | D        | Killed a komodo dragon
   788 | D        | Received a gift from Trog
   790 | D        | Reached skill level 15 in Axes
   798 | D        | Killed a rime drake
   798 | D        | Reached skill level 11 in Armour
   807 | D        | Reached skill level 18 in Fighting
   810 | D        | Received a gift from Trog
   901 | D        | Noticed a tyrant leech
   902 | D        | Noticed a tyrant leech
   906 | D        | Noticed a tyrant leech
   914 | D        | HP: 39/156 [blink frog (3)]
   917 | D        | Reached ****** piety under Trog
   917 | D        | Killed a tyrant leech
   917 | D        | Reached XP level 10. HP: 37/113 MP: 9/9
   921 | D        | Reached skill level 16 in Axes
   921 | D        | Reached skill level 12 in Armour
   923 | D        | HP: 25/171 [tyrant leech (14)]
   939 | D        | Received a gift from Trog
  1191 | D        | Noticed an ettin
  1191 | D        | Noticed an orc high priest
  1201 | D        | Killed an orc high priest
  1201 | D        | Received a gift from Trog
  1204 | D        | Killed an ettin
  1204 | D        | Reached skill level 19 in Fighting
  1204 | D        | Reached skill level 17 in Axes
  1204 | D        | Reached skill level 13 in Armour
  1290 | D        | Received a gift from Trog
  1462 | D        | Noticed an orc sorcerer
  1462 | D        | Noticed an orc sorcerer
  1472 | D        | Noticed a soul eater
  1472 | D        | Killed an orc sorcerer
  1477 | D        | Noticed an orc knight
  1489 | D        | Killed an orc sorcerer
  1489 | D        | Received a gift from Trog
  1491 | D        | Killed an orc knight
  1498 | D        | Reached skill level 14 in Armour
  1854 | D        | Found Totypriu's Gadget Boutique.
  1854 | D        | Noticed an orc high priest
  1854 | D        | Noticed an orc high priest
  1854 | D        | Noticed an orc high priest
  1860 | D        | Killed an orc high priest
  1860 | D        | Received a gift from Trog
  1860 | D        | Noticed an orc high priest
  1863 | D        | Found Weitudey's Assorted Antiques.
  1865 | D        | Noticed an orange demon
  1866 | D        | Noticed a smoke demon
  1870 | D        | Killed an orc high priest
  1870 | D        | Reached skill level 18 in Axes
  1870 | D        | Reached XP level 11. HP: 124/124 MP: 10/10
  1873 | D        | Killed an orc high priest
  1874 | D        | Found Lusmiun's Weapon Boutique.
  1888 | D        | Killed an orc high priest
  1888 | D        | Reached skill level 20 in Fighting
  1888 | D        | Reached skill level 1 in Stealth
  2075 | D        | Found Miagerov's Food Shop.
  2080 | D        | Noticed an orc high priest
  2080 | D        | Noticed an orc high priest
  2100 | D        | Killed an orc high priest
  2100 | D        | Reached skill level 19 in Axes
  2104 | D        | Noticed a sun demon
  2104 | D        | Killed an orc high priest
  2280 | D        | Noticed Joseph
  2291 | D        | Killed Joseph
  2291 | D        | Reached skill level 15 in Armour
  2409 | D        | Noticed an ogre mage
  2415 | D        | Received a gift from Trog
  2423 | D        | Noticed an ice dragon
  2425 | D        | Killed an ogre mage
  2425 | D        | Reached skill level 21 in Fighting
  2435 | D        | Noticed a stone giant
  2439 | D        | Noticed a stone giant
  2443 | D        | Killed an ice dragon
  2443 | D        | Received a gift from Trog
  2444 | D        | Noticed a rakshasa
  2445 | D        | Noticed a deep troll earth mage
  2447 | D        | Killed a stone giant
  2447 | D        | Reached skill level 20 in Axes
  2454 | D        | Killed a stone giant
  2454 | D        | Reached skill level 22 in Fighting
  2454 | D        | Reached skill level 16 in Armour
  2455 | D        | HP: 29/129 [rakshasa/trident (10)]
  2458 | D        | Killed a rakshasa
  2458 | D        | Reached XP level 12. HP: 28/138 MP: 11/11
  2460 | D        | HP: 23/138 [deep troll earth mage (10)]
  2462 | D        | Killed a deep troll earth mage
  2928 | D        | Noticed Donald
  2929 | D        | Noticed Rupert
  2946 | D        | Paralysed by Rupert for 2 turns
  2956 | D        | Killed Rupert
  2963 | D        | HP: 50/208 [Donald/eveningstar of freezing (6)]
  2966 | D        | HP: 20/208 [Donald/eveningstar of freezing (20)]
  2967 | D        | HP: 7/208 [Donald/eveningstar of freezing (3)]
  2969 | D        | Demolished by Donald

Vault maps used:
D:        linesprint

Skill      XL: |  1  2  3  4  5  6  7  8  9 10 11 |
---------------+----------------------------------+-----
Fighting       | 5 7 9 12 13 15 16 18 19 22 | 22.8
Axes           | 4 5 7 9 11 12 14 15 18 20 | 20.6
Armour         | 3 4 5 6 7 9 11 14 16 | 16.8
Stealth        | 1 |  1.6
Dodging        | |  2.1

Action                   |  1- 3 |  4- 6 |  7- 9 | 10-12 || total
-------------------------+-------+-------+-------+-------++-------
Melee: Hand axe          |    15 |       |       |       ||    15
       Headbutt          |     3 |     4 |     4 |    33 ||    44
       Broad axe         |     2 |    16 |    31 |       ||    49
       Battleaxe         |       |       |    14 |   152 ||   166
Invok: Berserk           |     2 |       |     3 |     5 ||    10
       Trog's Hand       |       |     1 |       |     2 ||     3
       Brothers in Arms  |       |       |     3 |     6 ||     9
  Use: Potion            |       |       |       |     1 ||     1
  Eat: Chunk             |       |       |     3 |     9 ||    12
       Ration            |       |       |     1 |     1 ||     2
Armor: Animal skin       |     5 |       |       |       ||     5
       Chain mail        |     2 |    14 |    17 |    50 ||    83
Dodge: Dodged            |     8 |    20 |    15 |    46 ||    89

Table legend:
 A = Spawn XP
 B = Non-spawn XP
 C = Spawn XP percentage of total XP
 D = Spawn monster count
 E = Non-spawn monster count
 F = Spawn count percentage of total count
 G = Total turns spent on level
                    A         B        C        D         E        F      G
               +---------+---------+-------+---------+---------+-------+---------
         Total |       0 |   26151 |   0.0 |       0 |     103 |   0.0 |  2969
               +---------+---------+-------+---------+---------+-------+---------
             D |       0 |   26151 |   0.0 |       0 |     103 |   0.0 |  2969
               +---------+---------+-------+---------+---------+-------+---------

Vault maps used:
D:        linesprint

Table legend:
 A = Turns spent in this place as a percentage of turns spent in the entire game.
 B = Non-inter-level travel turns spent in this place as a percentage of non-inter-level travel turns spent in the entire game.
 C = Inter-level travel turns spent in this place as a percentage of turns spent in this place.
 D = Turns resting spent in this place as a percentage of non-inter-level travel turns spent in this place.
 E = Turns spent auto-exploring this place as a percentage of non-inter-level travel turns spent in this place.
 F = Non-inter-level travel turns spent in this place divided by the number of levels of this place that you've seen.
                   A       B       C       D       E      F
               +-------+-------+-------+-------+-------+----------------------
         Total | 100.0 | 100.0 |   2.2 |  39.4 |  36.9 | 2904.0
       Dungeon | 100.0 | 100.0 |   2.2 |  39.4 |  36.9 | 2904.0
               +-------+-------+-------+-------+-------+----------------------

Table legend:
 A = Kills in this place as a percentage of kills in entire the game.
 B = Kills by you in this place as a percentage of kills by you in the entire game.
 C = Kills by friends in this place as a percentage of kills by friends in the entire game.
 D = Other kills in this place as a percentage of other kills in the entire game.
 E = Experience gained in this place as a percentage of experience gained in the entire game.
 F = Experience gained in this place divided by the number of levels of this place that you have seen.
                   A       B       C       D       E      F
               +-------+-------+-------+-------+-------+----------------------
         Total | 100.0 | 100.0 | 100.0 |   N/A | 100.0 | 26151.0
       Dungeon | 100.0 | 100.0 | 100.0 |   N/A | 100.0 | 26151.0
               +-------+-------+-------+-------+-------+----------------------
